Map: Deathaura LE

Players

HellraiseR - Winner!

  • Race: Protoss Protoss
  • League: Grandmaster
  • Spawn Location: 5:00

Rail

  • Race: Protoss Protoss
  • League: Grandmaster
  • Spawn Location: 11:00

Event: DreamHack SC2 Masters 2020 Summer Europe

VOD

Have the link to the VOD?

Description

Time

  • Played on: July 5, 2020, 10:44 a.m.
  • Length: 10:37

All games in this series

Show
View Real Time Build Order
Export as new Build Order

HellraiseR Protoss - Winner!

Build Orders: Oracle Opening 

Get SALT Encoding   

  12  0:00  Probe  
  13  0:12  Probe  
  14  0:17  Pylon  
  14  0:22  Probe  
  15  0:31  Probe  
  16  0:36  Gateway  
  16  0:40  Probe  
  16  0:45  Assimilator  
  17  0:52  Probe  
  17  0:54  Assimilator  
  18  1:00  Probe  
  19  1:08  Probe  
  19  1:09  Gateway  
  20  1:18  Probe  
  20  1:23  Cybernetics Core  
  21  1:30  Probe  
  22  1:33  Pylon  
  22  1:42  Probe  
  23  1:54  Probe  
  23  1:59  Stalker  
  23  2:00  Sentry, Warp Gate  
  28  2:08  Pylon  
  28  2:13  Probe  
  29  2:27  Stargate  
  29  2:40  Nexus  
  29  2:48  Stalker  
  31  2:52  Probe  
  32  3:01  Oracle  
  32  3:04  Probe  
  33  3:06  Stalker  
  38  3:18  Pylon  
  38  3:26  Shield Battery  
  38  3:30  Oracle  
  38  3:32  Probe  
  39  3:38  Pylon  
  42  3:48  Probe  
  43  3:57  Probe  
  43  4:01  Probe  
  45  4:04  Stalker x2  
  45  4:09  Probe  
  50  4:18  Pylon  
  46  4:25  Probe  
  45  4:34  Stalker x2  
  47  4:38  Probe  
  47  4:40  Pylon  
  47  4:43  Probe  
  48  4:46  Probe  
  48  4:51  Probe  
  49  4:55  Probe  
  49  4:59  Probe  
  49  5:04  Stalker x2  
  49  5:06  Probe  
  54  5:11  Probe  
  56  5:18  Probe  
  57  5:25  Probe  
  57  5:26  Twilight Council  
  58  5:30  Probe  
  59  5:37  Probe  
  59  5:41  Probe  
  61  5:45  Probe  
  62  5:53  Pylon  
  62  5:54  Blink, Pylon  
  62  5:57  Forge  
  62  6:06  Pylon  
  62  6:09  Protoss Ground Weapons Level 1  
  62  6:11  Probe x2  
  64  6:21  Probe  
  64  6:23  Probe  
  66  6:29  Probe  
  66  6:30  Assimilator  
  66  6:31  Stalker x2  
  70  6:36  Probe  
  70  6:38  Probe  
  72  6:41  Gateway  
  72  6:43  Gateway  
  72  6:45  Robotics Facility  
  71  6:48  Probe  
  71  6:50  Probe  
  71  6:52  Assimilator  
  73  6:59  Gateway  
  73  7:00  Probe  
  73  7:01  Gateway  
  74  7:02  Probe  
  75  7:10  Nexus  
  75  7:14  Pylon  
  75  7:20  Probe  
  75  7:21  Probe  
  77  7:32  Probe  
  77  7:33  Probe  
  77  7:36  Stalker x3  
  85  7:44  Probe, Protoss Ground Weapons Level 2  
  85  7:46  Stalker  
  85  7:49  Shield Battery  
  88  7:52  Observer  
  88  7:53  Probe  
  88  7:55  Pylon  
  90  8:12  Warp Prism, Charge, Probe x2  
  89  8:21  Dark Shrine  
  89  8:23  Pylon  
  89  8:24  Probe x2  
  93  8:27  Probe  
  93  8:28  Photon Cannon  
  93  8:30  Photon Cannon  
  94  8:38  Probe  
  94  8:39  Stalker x2  
  94  8:41  Probe  
  100  8:48  Assimilator  
  101  8:50  Observer, Probe  
  101  8:53  Probe  
  103  8:59  Gateway  
  103  9:00  Gateway, Assimilator  
  103  9:05  Stalker x3  
  109  9:16  Stalker x3  
  115  9:17  Probe  
  115  9:19  Pylon  
  116  9:29  Stalker x3  
  122  9:35  Pylon  
  122  9:39  Pylon  
  122  9:52  Stalker x5  
  126  9:54  Sentry  
  134  10:03  Stalker x2  
  134  10:15  Stalker x5  
  140  10:23  Probe  
  140  10:28  Stalker x3  
Show
View Real Time Build Order
Export as new Build Order

Rail Protoss 

Build Orders:  

Get SALT Encoding   

  12  0:00  Probe  
  13  0:12  Probe  
  14  0:18  Pylon  
  14  0:24  Probe  
  15  0:32  Probe  
  15  0:37  Gateway  
  15  0:40  Probe  
  16  0:46  Assimilator  
  17  0:51  Probe  
  17  0:55  Assimilator  
  18  1:00  Probe  
  19  1:07  Gateway  
  19  1:08  Probe  
  19  1:18  Probe  
  20  1:24  Cybernetics Core  
  21  1:30  Probe  
  22  1:37  Pylon  
  22  1:42  Probe  
  23  1:51  Warp Gate  
  23  1:55  Probe  
  23  2:01  Adept x2  
  28  2:11  Pylon  
  28  2:28  Nexus  
  28  2:38  Adept  
  28  2:40  Adept  
  32  2:52  Robotics Facility  
  32  2:53  Probe  
  33  3:08  Adept  
  33  3:09  Adept  
  37  3:12  Pylon  
  37  3:15  Probe  
  38  3:26  Immortal  
  38  3:28  Probe  
  43  3:48  Adept x2  
  47  3:50  Probe  
  52  4:11  Stalker x2  
  52  4:13  Probe x2  
  45  4:25  Probe x2  
  43  4:37  Probe x2  
  41  4:44  Twilight Council  
  39  4:46  Stalker  
  39  4:47  Sentry  
  41  5:00  Probe  
  41  5:01  Probe  
  41  5:02  Shield Battery  
  39  5:10  Sentry  
  39  5:11  Stalker  
  39  5:13  Probe x2  
  45  5:21  Probe x2  
  47  5:29  Probe  
  47  5:30  Probe  
  47  5:33  Stalker  
  51  5:41  Probe  
  51  5:42  Probe  
  50  5:43  Stalker  
  50  5:49  Probe  
  53  5:50  Probe  
  53  5:57  Probe, Pylon  
  55  5:59  Blink  
  57  6:07  Probe  
  57  6:15  Adept x2  
  57  6:17  Probe  
  58  6:19  Probe  
  59  6:25  Probe  
  59  6:32  Probe  
  61  6:34  Probe  
  61  6:39  Observer  
  63  6:44  Probe x2  
  63  6:50  Assimilator  
  63  6:51  Stalker, Assimilator  
  63  6:54  Probe  
  63  6:55  Forge  
  63  6:56  Probe  
  63  6:59  Pylon  
  65  7:02  Stalker  
  65  7:03  Probe  
  65  7:08  Probe  
  67  7:11  Probe  
  68  7:20  Gateway x2, Protoss Ground Weapons Level 1, Probe  
  68  7:22  Probe  
  70  7:30  Pylon  
  70  7:37  Nexus  
  70  7:49  Gateway  
  70  7:50  Gateway  
  70  7:53  Stalker  
  70  7:58  Stalker  
  74  8:04  Pylon, Probe  
  76  8:05  Probe  
  74  8:15  Stalker x2  
  74  8:19  Stalker  
  80  8:21  Probe  
  80  8:23  Probe  
  82  8:28  Stalker  
  82  8:33  Probe  
  85  8:36  Pylon  
  85  8:41  Probe  
  86  8:45  Probe  
  86  8:48  Photon Cannon  
  86  8:49  Stalker, Probe  
  86  8:50  Probe  
  86  8:53  Probe  
  91  8:57  Shield Battery, Probe  
  91  9:00  Probe  
  93  9:03  Stalker  
  93  9:08  Photon Cannon  
  93  9:09  Probe  
  96  9:15  Stalker  
  99  9:17  Photon Cannon  
  99  9:19  Observer  
  100  9:24  Pylon  
  100  9:27  Stalker  
  100  9:31  Stalker  
  104  9:35  Probe  
  105  9:40  Pylon  
  104  9:46  Stalker x3  
  110  9:57  Pylon  
  110  9:58  Pylon  
  104  10:07  Stalker x2  
  104  10:08  Probe  
  109  10:15  Stalker x2  
  109  10:17  Stalker  
  101  10:28  Stalker  
  88  10:32  Stalker x2  
Tags
 
Add a new tag
Caveats
  • Supply blocks, unpowered buildings, or Contaminate may cause inaccurate times.
  • Supply counts are checked every 10 seconds.